 Dungeon Crawl Stone Soup version 0.30.0-17-ge0270778cf (webtiles) character file.

Game seed: 12123604368450215547

1472 zeram the Skirmisher (level 8, -2/37 HPs)
             Began as a Spriggan Hunter on May 23, 2023.
             Slain by a killer bee (8 damage)
             ... on level 7 of the Dungeon.
             The game lasted 00:06:33 (3916 turns).

zeram the Skirmisher (Spriggan Hunter)              Turns: 3916, Time: 00:06:33

Health: -2/37      AC:  2    Str:  7    XL:     8   Next: 49%
Magic:  9/9        EV: 20    Int: 12    God:
Gold:   286        SH:  0    Dex: 19    Spells: 7/7 levels left

rFire   . . .        a - +0 shortbow (heavy)
rCold   . . .        (shield currently unavailable)
rNeg    . . .        c - +0 robe
rPois   .            (helmet restricted)
rElec   .            (no cloak)
rCorr   .            (gloves unavailable)
SInv    +            (boots unavailable)
Will    +....        (no amulet)
Stlth   ++           (no ring)
HPRegen 0.26/turn    (no ring)
MPRegen 0.11/turn

%: no passive effects
@: very quick
A: very small, no large weapons, unfitting armour, see invisible, speed 3
a: no special abilities


You were on level 7 of the Dungeon.
You visited 1 branch of the dungeon, and saw 7 of its levels.

You collected 286 gold pieces.

Inventory:

Hand Weapons
 a - a +0 heavy shortbow (weapon)
Armour
 c - a +0 robe (worn)
Wands
 d - a wand of flame (9)
 r - a wand of roots (11)
 v - a wand of paralysis (11)
Scrolls
 b - 5 scrolls of immolation
 e - a scroll of fog
 l - 2 scrolls of blinking
 q - a scroll of brand weapon
 u - a scroll of amnesia
Potions
 g - a potion of degeneration
 h - 2 potions of might
 i - a potion of attraction
 j - a potion of invisibility
 k - 3 potions of cancellation
 m - 2 potions of resistance {unknown}
 n - a potion of lignification {unknown}
 o - a potion of heal wounds {unknown}
 p - 2 potions of flight
 s - a potion of magic
 t - a potion of brilliance {unknown}


   Skills:
 - Level 1.5 Fighting
 + Level 10.9 Ranged Weapons
 + Level 4.8 Dodging
 - Level 1.5 Stealth


You had 7 spell levels left.
You didn't know any spells.
Your spell library contained the following spells:

 Spells                   Type           Power      Damage    Failure   Level
 Apportation              Tloc           0%         N/A       32%         1
 Sublimation of Blood     Necr           0%         N/A       45%         2
 Wereblood                Tmut           0%         N/A       45%         2
 Alistair's Intoxication  Tmut/Pois      0%         N/A       100%        5
 Summon Hydra             Summ           0%         N/A       100%        7


Dungeon Overview and Level Annotations

Branches:
Dungeon (7/15)
 Temple: D:4-7

Altars:
Ashenzari
Dithmenos
Elyvilon
Gozag
Uskayaw
Yredelemnul
Zin

Annotations:
D:5 3 runed translucent doors, Duvessa; GigaChad's ghost, novice AtFi


Innate Abilities, Weirdness & Mutations

You are very small and have problems with some larger weapons.
You are too small for most types of armour.
You have supernaturally acute eyesight. (SInv)
You cover ground extremely quickly. (Speed+++)


Message History

Unknown command.
The killer bee attacks as you move away!
The killer bee completely misses you.
The killer bee attacks as you move away!
The killer bee stings you.
The killer bee attacks as you move away!
The killer bee misses you.
The killer bee attacks as you move away!
The killer bee misses you. The killer bee stings you.
* * * LOW HITPOINT WARNING * * *
The killer bee attacks as you move away!
The killer bee misses you.
The killer bee attacks as you move away!
The killer bee completely misses you.
You feel better. The killer bee barely misses you. The killer bee stings you.
You are poisoned.
The killer bee poisons you!
Fire: a) +0 shortbow (heavy)
Press: ? - help, Q - select action, (/) - cycle Shift-Dir - straight line, f/p - killer bee
Aim: a killer bee (almost dead, 42% to hit)
You shoot an arrow. The arrow misses the killer bee.
The arrow barely misses the orc wizard.
The arrow hits the orc!
You kill the orc!
You feel very sick. The killer bee closely misses you.
The killer bee stings you!
* * * LOW HITPOINT WARNING * * *
The killer bee closely misses you.
You feel better. The killer bee stings you.
* * * LOW HITPOINT WARNING * * *
The killer bee completely misses you.
Okay, then.
Fire: a) +0 shortbow (heavy)
Press: ? - help, Q - select action, (/) - cycle Shift-Dir - straight line, f/p - killer bee
Aim: a killer bee (almost dead, 42% to hit)
You shoot an arrow.
The arrow closely misses the killer bee.
The arrow barely misses the orc wizard.
The arrow barely misses the orc.
The killer bee misses you. The killer bee stings you!
You die...

### #.# #.# #.#
#############################.#
#...............@yo..o.....o..#
#.###########################.#
#.# ##.# #.# #..# #.###########
########..# '............
.........o# #.#...############
.#.#####.o# ..................
..........# #.#...####........
#########.#


You could see a killer bee, an orc wizard (invisible) and an orc.

Vanquished Creatures
  A black bear (D:7)
  A sky beast (D:6)
  2 ice beasts
  An ogre (D:6)
  A centaur (D:7)
  2 phantoms
  2 bullfrogs (D:7)
  2 scorpions (D:5)
  Dowan (D:5)
  2 killer bees (D:7)
  A bullfrog zombie (D:5)
  A bullfrog skeleton (D:5)
  A hound (D:5)
  A jelly (D:7)
  2 orc priests
  An iguana (D:4)
  Ijyb (D:5)
  A sleepcap (D:7)
  2 scorpion zombies (D:5)
  5 adders
  A shadow imp (D:7)
  2 ufetubi
  9 orcs
  2 endoplasms
  2 giant cockroaches (D:2)
  2 hobgoblins
  6 jackals (D:1)
  4 quokkas
  5 ball pythons
  4 bats
  2 frilled lizards
  3 goblins
  3 kobolds
  2 rats
  A spectral orc (D:4)
79 creatures vanquished.

Notes
Turn   | Place    | Note
-------+----------+-------------------------------------------
     0 | D:1      | zeram the Spriggan Hunter began the quest for the Orb.
     0 | D:1      | Reached XP level 1. HP: 10/10 MP: 2/2
   366 | D:1      | Reached XP level 2. HP: 14/14 MP: 3/3
   945 | D:2      | Found a shadowy altar of Dithmenos.
  1482 | D:3      | Reached skill level 5 in Ranged Weapons
  1482 | D:3      | Reached XP level 3. HP: 18/18 MP: 4/4
  1615 | D:3      | Found a faded altar of an unknown god.
  1676 | D:3      | Found a hide-covered altar of Uskayaw.
  1833 | D:4      | Found a broken altar of Ashenzari.
  1854 | D:4      | Noticed a phantom
  1873 | D:3      | Killed a phantom
  1874 | D:3      | Reached skill level 6 in Ranged Weapons
  1874 | D:3      | Reached XP level 4. HP: 9/22 MP: 5/5
  1964 | D:4      | Found a white marble altar of Elyvilon.
  1997 | D:4      | Found a basalt altar of Yredelemnul.
  2001 | D:4      | Reached XP level 5. HP: 25/25 MP: 6/6
  2332 | D:5      | Entered Level 5 of the Dungeon
  2341 | D:5      | HP: 1/25 [poisoned by a scorpion]
  2349 | D:5      | Reached skill level 7 in Ranged Weapons
  2396 | D:5      | Reached XP level 6. HP: 27/30 MP: 7/7
  2597 | D:5      | Reached skill level 8 in Ranged Weapons
  2627 | D:5      | Noticed an ice beast
  2640 | D:5      | Killed an ice beast
  2641 | D:5      | Reached XP level 7. HP: 15/33 MP: 8/8
  2749 | D:5      | Found a runed translucent gate.
  2749 | D:5      | Found a runed translucent gate.
  2749 | D:5      | Found a runed translucent gate.
  2749 | D:5      | Found an opulent altar of Gozag.
  2751 | D:5      | Noticed GigaChad's ghost (novice AtFi)
  2847 | D:5      | Noticed Ijyb
  2849 | D:5      | Killed Ijyb
  2850 | D:5      | Noticed Duvessa
  2850 | D:5      | Noticed Dowan
  2853 | D:5      | Killed Dowan
  2941 | D:6      | Reached skill level 9 in Ranged Weapons
  3216 | D:7      | Found a glowing silver altar of Zin.
  3322 | D:7      | Reached XP level 8. HP: 37/37 MP: 9/9
  3438 | D:7      | Reached skill level 10 in Ranged Weapons
  3916 | D:7      | Slain by a killer bee

Illustrated notes

Levels and vault maps discovered:
D:1:      psy_arrival_conway, layout_basic
D:2:      layout_loops_ring, basic_altar, minmay_misc_feat_four_crosses
D:3:      layout_rooms, lemuel_tele_altar, basic_ecumenical_altar
D:4:      layout_gridville, mainiacjoe_overflow_chevrons,
          mainiacjoe_overflow_tiny_flanked, yredelemnul_forgotten_temple_becter
D:5:      layout_gridville, ebering_ghost_gozag, serial_undead, serial_undead_c,
          serial_undead_c, serial_undead_f, serial_undead_e, uniq_ijyb,
          uniq_eustachio, uniq_sigmund, uniq_duvessa
D:6:      layout_loops_cross, mainiacjoe_overflow_six_doors_small,
          kennysheep_little_box, minmay_temple_entry_poolview, serial_shops,
          nicolae_shop_waterfront, uniq_blork_the_orc
D:7:      layout_basic, lemuel_round_altar, nicolae_vehumet_radiance

Skill      XL: |  1  2  3  4  5  6  7  8 |
---------------+-------------------------+-----
Dodging        | 3 4 |  4.8
Ranged Weapons | 5 6 7 8 9 10 | 10.9
Fighting       | |  1.5
Stealth        | |  1.5

Action                     |  1- 3 |  4- 6 |  7- 9 || total
---------------------------+-------+-------+-------++-------
   Fire: Shortbow          |    77 |    81 |    92 ||   250
    Use: Scroll            |    15 |     1 |     3 ||    19
         Potion            |       |     2 |     2 ||     4
 Armour: Robe              |     4 |     7 |     3 ||    14
  Dodge: Dodged            |    32 |    27 |    55 ||   114
